 Dungeon Sprint DCSS version 0.22-a0-358-g7563fe7 (webtiles) character file.

85 KristoblXynda the Slasher (level 4, -2/36 HPs)
             Began as a Draconian Gladiator on Apr 18, 2018.
             Killed from afar by an oklob sapling priest (15 damage)
             ... with a splash of acid
             ... in the Dungeon (Sprint IV: "Fedhas' Mad Dash").
             The game lasted 00:01:17 (441 turns).

KristoblXynda the Slasher (Draconian Gladiator)      Turns: 441, Time: 00:01:18

Health: -2/36      AC:  1    Str: 17    XL:     4   Next: 25%
Magic:  3/5        EV: 15    Int:  8    God:
Gold:   64         SH:  0    Dex: 13    Spells: 3/3 levels left

rFire    . . .     SeeInvis .   a - +0 long sword
rCold    . . .     Gourm    .   (no shield)
rNeg     . . .     Faith    .   (armour unavailable)
rPois    .         Spirit   .   b - +0 hat
rElec    .         Reflect  .   (no cloak)
rCorr    .         Harm     .   (no gloves)
MR       .....     NoTele   +   (no boots)
Stlth    +.........             i - amulet of invisibility {+Inv}
HPRegen  0.12/turn              (no ring)
MPRegen  0.09/turn              (no ring)

@: corroded, very slightly contaminated, invisible
A: unfitting armour, cold-blooded, AC +5
a: no special abilities


You were in the Dungeon.
You were not hungry.

You visited 1 branch You collected 64 gold pieces.

Inventory:

Hand Weapons
 a - a +0 long sword (weapon)
Missiles
 c - 3 throwing nets (quivered)
Armour
 b - a +0 hat (worn)
Jewellery
 i - the amulet of invisibility (around neck) {+Inv}
   (You found it in the Dungeon)

   [amulet of nothing]

   It lets you turn invisible.
Scrolls
 j - a scroll of blinking
Potions
 e - a potion of curing
 f - a potion of heal wounds
 g - a potion of haste
 h - 2 potions of magic
Comestibles
 d - a ration


   Skills:
 - Level 2.1 Fighting
 + Level 6.4 Long Blades
 - Level 1.7 Throwing
 + Level 5.9 Dodging
 + Level 1.8 Evocations


You had 3 spell levels left.
You didn't know any spells.

Dungeon Overview and Level Annotations

Branches:
Dungeon (1/1)

Altars:
Cheibriados
Dithmenos
Elyvilon
Gozag
Hepliaklqana
Kikubaaqudgha
Makhleb
Nemelex Xobeh
Okawaru
Qazlal
Ru
Sif Muna
Trog
Uskayaw
Vehumet
Wu Jian
Xom
Yredelemnul
Zin
The Shining One
Beogh
Jiyva
Lugonu

Annotations:
D exclusion: oklob sapling


Innate Abilities, Weirdness & Mutations

Your plain brown scales are hard. (AC +5)
You cannot fit into any form of body armour.
You are cold-blooded and may be slowed by cold attacks.


Message History

[Y]es or [N]o only, please.
Really walk into a travel-excluded area? [Y]es or [N]o only, please.
Really walk into a travel-excluded area?
There is an open door here.
Found three altars.
Found two altars.
Found three altars.
There is an opulent altar of Gozag here.
Found a corrupted altar of Lugonu and a radiant altar of Vehumet.
There is a hazy altar of Hepliaklqana here.
You hit the oklob sapling priest.
You tail-slap the oklob sapling priest, but do no damage.
The oklob sapling priest is lightly damaged.
The oklob sapling priest spits acid at you.
The splash of acid hits you! The acid corrodes you!
You are splashed with acid!
The acid burns!
The oklob sapling priest spits acid at you.
The splash of acid hits you!
You die...

########################
....#.....#.⌠._._._._.⌠.
[...'.#.(.'.._._@_._._..
....#.#...#..._._P_._...
########'##.._._._._._..
+...#._._._._._.⌠.
#...############## #####


You could see an oklob sapling priest.

Vanquished Creatures
  2 oklob saplings (D)
  A worker ant (D)
  A river rat (D)
  A rat (D)
5 creatures vanquished.

Notes
Turn   | Place    | Note
-------+----------+-------------------------------------------
     0 | D        | KristoblXynda the Draconian Gladiator began the quest for the Orb.
     0 | D        | Reached XP level 1. HP: 17/17 MP: 1/1
    12 | D        | Reached skill level 4 in Long Blades
    12 | D        | Reached XP level 2. HP: 23/24 MP: 2/2
    21 | D        | Noticed an oklob sapling
    26 | D        | Killed an oklob sapling
    26 | D        | Reached skill level 5 in Long Blades
    26 | D        | Reached XP level 3. HP: 29/29 MP: 3/3
    58 | D        | Found the amulet of invisibility {+Inv}
    63 | D        | Reached skill level 6 in Long Blades
    63 | D        | Reached skill level 5 in Dodging
   324 | D        | Found an opulent altar of Gozag.
   324 | D        | Found a hazy altar of Hepliaklqana.
   324 | D        | Found a roughly hewn altar of Beogh.
   324 | D        | Found a snail-covered altar of Cheibriados.
   325 | D        | Found a viscous altar of Jiyva.
   325 | D        | Found a burning altar of Makhleb.
   325 | D        | Found a sparkling altar of Nemelex Xobeh.
   325 | D        | Found a sacrificial altar of Ru.
   325 | D        | Found a deep blue altar of Sif Muna.
   325 | D        | Found a bloodstained altar of Trog.
   325 | D        | Found an ornate altar of the Wu Jian Council.
   325 | D        | Found a shimmering altar of Xom.
   325 | D        | Found a basalt altar of Yredelemnul.
   325 | D        | Noticed an oklob sapling priest
   328 | D        | Noticed an oklob sapling
   346 | D        | Killed an oklob sapling
   346 | D        | Reached skill level 1 in Evocations
   346 | D        | Reached XP level 4. HP: 36/36 MP: 1/5
   435 | D        | Found an iron altar of Okawaru.
   435 | D        | Found a shadowy altar of Dithmenos.
   435 | D        | Found a glowing silver altar of Zin.
   436 | D        | Found an ancient bone altar of Kikubaaqudgha.
   436 | D        | Found a hide-covered altar of Uskayaw.
   437 | D        | Found a stormy altar of Qazlal.
   437 | D        | Found a white marble altar of Elyvilon.
   437 | D        | Found a glowing golden altar of the Shining One.
   438 | D        | Found a corrupted altar of Lugonu.
   438 | D        | Found a radiant altar of Vehumet.
   441 | D        | Killed from afar by an oklob sapling priest

Vault maps used:
D:        dungeon_sprint_fedhas

Skill      XL: |  1  2  3 |
---------------+----------+-----
Long Blades    | 4 5 6 |  6.4
Dodging        | 3 4 5 |  5.9
Evocations     | 1 |  1.8
Fighting       | |  2.1
Throwing       | |  1.7

Action                   |  1- 3 |  4- 6 || total
-------------------------+-------+-------++-------
Melee: Long sword        |    16 |     1 ||    17
       Tailslap          |     3 |     1 ||     4
 Abil: Evoke Invisibilit |     1 |     1 ||     2
  Use: Potion            |     1 |       ||     1
 Stab: Invisible         |     1 |       ||     1
Armor: Skin              |     2 |       ||     2
Dodge: Dodged            |     8 |       ||     8
       Rpst.: Long sword |     4 |       ||     4

Table legend:
 A = Spawn XP
 B = Non-spawn XP
 C = Spawn XP percentage of total XP
 D = Spawn monster count
 E = Non-spawn monster count
 F = Spawn count percentage of total count
 G = Total turns spent on level
                    A         B        C        D         E        F      G
               +---------+---------+-------+---------+---------+-------+---------
         Total |       0 |     122 |   0.0 |       0 |       5 |   0.0 |   441
               +---------+---------+-------+---------+---------+-------+---------
             D |       0 |     122 |   0.0 |       0 |       5 |   0.0 |   441
               +---------+---------+-------+---------+---------+-------+---------
